 Dungeon Crawl Stone Soup version 0.29-b1-12-g9e2288ab2a (webtiles) character file.

Game seed: 961230197184864401

28 slphil the Cudgeller (level 3, 0/30 HPs)
             Began as a Vine Stalker Berserker on Aug 24, 2022.
             Was a Follower of Trog.
             Succumbed to an adder's poison
             ... on level 2 of the Dungeon.
             The game lasted 00:01:59 (1422 turns).

slphil the Cudgeller (Vine Stalker Berserker)       Turns: 1422, Time: 00:01:59

Health: 0/30       AC:  3    Str: 21    XL:     3   Next: 12%
Magic:  1/4        EV: 10    Int:  7    God:    Trog [*.....]
Gold:   33         SH:  7    Dex: 13    Spells: 2/2 levels left

rFire   . . .      SeeInvis .   a - +0 mace
rCold   . . .      Faith    .   d - +0 kite shield
rNeg    . . .      Spirit   +   b - +0 animal skin
rPois   .          Reflect  .   (no helmet)
rElec   .          Harm     .   (no cloak)
rCorr   .          Rampage  .   (no gloves)
Will    +....                   g - +0 pair of boots
Stlth   ..........              (no amulet)
HPRegen 0.10/turn               h - ring of willpower
MPRegen 0.09/turn               (no ring)

@: berserking (expiring), lethally poisoned (0 -> -6), very quick
A: fangs 2, magic shield, antimagic bite, no potion heal 2
a: Renounce Religion, Berserk


You were on level 2 of the Dungeon.
You worshipped Trog.
Trog was aware of your devotion.
You visited 1 branch of the dungeon, and saw 2 of its levels.

You collected 33 gold pieces.

Inventory:

Hand Weapons
 a - a +0 mace (weapon)
 c - a +0 whip
Armour
 b - a +0 animal skin (worn)
 d - a +0 kite shield (worn)
 g - a +0 pair of boots (worn)
Jewellery
 h - a ring of willpower (left hand)
Scrolls
 e - a scroll of amnesia {unknown}
 f - a scroll of fear {unknown}
 i - 2 scrolls of immolation {unknown}
 k - 3 scrolls of identify {unknown}
 l - a scroll of poison {unknown}
Potions
 j - 2 potions of curing {unknown}


   Skills:
 + Level 3.0 Fighting
 * Level 3.2 Maces & Flails
 - Level 1.6 Armour
 - Level 1.6 Dodging
 + Level 0.7 Shields


You had 2 spell levels left.
You didn't know any spells.
Your spell library was empty.

Dungeon Overview and Level Annotations

Branches:
Dungeon (2/15)

Altars:


Innate Abilities, Weirdness & Mutations

You have extremely sharp teeth.
When hurt, damage is shared between your health and your magic reserves.
Your bite disrupts and absorbs the magic of your enemies.
Potions cannot restore your health.


Message History

The quokka barely misses you.
You closely miss the quokka. The adder closely misses you.
The quokka bites you but does no damage.
The adder bites you but does no damage.
You barely miss the quokka. Your bite misses the quokka.
You block the adder's attack. The quokka bites you. x2
* * * LOW HITPOINT WARNING * * *
The adder bites you but does no damage.
A red film seems to cover your vision as you go berserk!
You feel yourself moving faster!
You feel mighty! The adder closely misses you. The quokka barely misses you.
You barely miss the quokka. Your bite misses the quokka. The adder bites you.
* * * LOW HITPOINT WARNING * * *
You block the quokka's attack. You block the adder's attack.
You hit the quokka.
You kill the quokka!
Trog accepts your kill. You block the adder's attack.
You completely miss the adder. Your bite misses the adder.
The adder closely misses you.
You miss the adder. The adder closely misses you.
You hit the adder.
The adder is lightly wounded.
The adder barely misses you.
You closely miss the adder. Your bite misses the adder.
The adder is lightly wounded.
The adder bites you.
* * * LOW HITPOINT WARNING * * *
You are lethally poisoned!
The adder poisons you! The adder bites you.
* * * LOW HITPOINT WARNING * * *
You closely miss the adder. Your bite misses the adder.
The adder is lightly wounded.
* * * LOW HITPOINT WARNING * * *
You feel sick. The adder barely misses you.
Unknown command.
You are too berserk!
You miss the adder. Your bite misses the adder.
The adder is lightly wounded.
You die...

.##.##.#...
....##.#.......#
.#####.#
#....#####+##
....##.#
#...........#
###.##.#
#...........## #.##.#
#............. #.##.#
#...........# #.##.#
#....)......#
#.##.#######..@S....#
#.............†)....#
#####.........#.....#
#.........#.....#
#.....[...#.....#
###########.....#
.....# .....#


You could see an adder.

Vanquished Creatures
  A dart slug (D:1)
  2 ball pythons (D:1)
  3 bats (D:1)
  3 endoplasms (D:1)
  A giant cockroach (D:1)
  3 goblins
  A hobgoblin (D:1)
  3 quokkas
  3 frilled lizards (D:1)
  A kobold (D:1)
  3 rats (D:1)
24 creatures vanquished.

Notes
Turn   | Place    | Note
-------+----------+-------------------------------------------
     0 | D:1      | slphil the Vine Stalker Berserker began the quest for the
                  | Orb.
     0 | D:1      | Reached XP level 1. HP: 11/11 MP: 2/2
   299 | D:1      | Reached XP level 2. HP: 16/16 MP: 3/3
   452 | D:1      | Found a faded altar of an unknown god.
  1247 | D:2      | Reached XP level 3. HP: 20/20 MP: 4/4
  1421 | D:2      | HP: 1/30 [poisoned by an adder]
  1422 | D:2      | Succumbed to an adder's poison

Illustrated notes

Levels and vault maps discovered:
D:1:      amcnicky_arrival_choice, layout_basic,
          hellmonk_ecumenical_altar_pennies_from_heaven, minmay_pentomino_o2
D:2:      layout_basic, uniq_crazy_yiuf_cottage

Skill      XL: |  1  2 |
---------------+-------+-----
Maces & Flails | 3 |  3.2
Fighting       | 3 |  3.0
Armour         | |  1.6
Dodging        | |  1.6
Shields        | |  0.7

Action                   || total
-------------------------++-------
Melee: Mace              ||    73
       Bite              ||    14
Invok: Berserk           ||     1
 Stab: Sleeping          ||     1
Armor: Animal skin       ||    17
Dodge: Dodged            ||    42
Block: Kite shield       ||    32
